 Dungeon Crawl Stone Soup version 0.14.2 (console) character file.

67725 Morg0th the Bludgeoner (level 14, -2/116 HPs)
             Began as a Minotaur Abyssal Knight on July 17, 2014.
             Was the Champion of Lugonu.
             Slain by a raven (4 damage)
             ... created by a shambling mangrove
             ... on Level 2 of the Swamp on Mar 8, 2015.
             The game lasted 04:16:11 (39454 turns).

Morg0th the Bludgeoner (Minotaur Abyssal Knight)   Turns: 39454, Time: 04:16:13

HP  -2/116       AC 26     Str 22      XL: 14   Next: 75%
MP  19/21        EV  5     Int  8 (9)  God: Lugonu [******]
Gold 2381        SH 24     Dex 13      Spells:  0 memorised, 13 levels left

rFire  . . .     SeeInvis .     a - +5,+2 mace (freeze)
rCold  . . .     Clarity  .     o - +1 plate armour {rPois}
rNeg   + + .     Conserve .     C - +1 shield {AC+3}
rPois  +         rCorr    .     (helmet restricted)
rElec  .         rRot     .     l - +1 cloak
SustAb . .       Spirit   .     S - +2 pair of gloves {Str+3}
rMut   .         Warding  +     r - +0 pair of boots {Fly}
Saprov . . .     Stasis   .     A - amulet of Zushryis {Ward MR++}
MR     +++..                    u - ring of invisibility
                                M - ring of positive energy

@: grasped by roots, very slow, extremely resistant to hostile enchantments,
extremely unstealthy
A: retaliatory headbutt, horns 2, repulsion field 1, carnivore 1, deterioration
1
a: Depart the Abyss, Bend Space, Banish, Corrupt, Enter the Abyss, Renounce
Religion, Evoke Invisibility, Evoke Flight


You were on level 2 of the Swamp.
You worshipped Lugonu.
Lugonu was exalted by your worship.
You were not hungry.

You visited 7 branches of the dungeon, and saw 32 of its levels.
You visited the Abyss 1 time.

You collected 3147 gold pieces.
You spent 766 gold pieces at shops.

Inventory:

Hand weapons
 a - a +5,+2 mace of freezing (weapon)
 b - the +9,+9 sling of Fixation {flame, rElec MR+ Str+2 SInv}
   (You found it on level 6 of the Lair of Beasts)

   It turns projectiles fired from it into bolts of flame.
   It affects your strength (+2).
   It insulates you from electricity.
   It affects your resistance to hostile enchantments.
   It enhances your eyesight.
 B - a +0,+1 flail of crushing
Missiles
 k - 21 stones (quivered)
 m - 13 sling bullets of flame
 E - a sling bullet of frost
 J - 31 sling bullets
 L - 9 darts of frost
 N - 20 poisoned sling bullets
Armour
 l - a +1 cloak (worn)
 o - a +1 plate armour of poison resistance (worn)
 r - a +0 pair of boots of flying (worn)
 C - a +1 shield of protection (worn)
 S - a +2 pair of gloves of strength (worn)
Magical devices
 d - a wand of disintegration (10)
 x - a wand of confusion (0)
 H - a wand of slowing (7)
 O - a wand of lightning (8)
 R - a wand of paralysis (10)
 T - a wand of digging (16)
 U - a wand of confusion (7)
 Y - a wand of hasting (5)
Comestibles
 c - 12 bread rations
 h - 5 meat rations
 Q - a pear
Scrolls
 e - 5 scrolls of remove curse
 f - a scroll of magic mapping
 n - a scroll of enchant weapon I
 q - 4 scrolls of teleportation
 y - 2 scrolls of fear
 z - a scroll of vulnerability
 D - 2 scrolls of blinking
 I - a scroll of amnesia
 V - 3 scrolls of fog
 W - a scroll of identify
Jewellery
 g - an uncursed ring of flight
 s - an uncursed amulet of rage
 u - a ring of invisibility (right hand)
 A - the amulet of Zushryis (around neck) {Ward MR++}
   (You found it on level 8 of the Dungeon)

   [amulet of warding]

   It affects your resistance to hostile enchantments.
 M - a ring of positive energy (left hand)
Potions
 i - 5 potions of curing
 j - a potion of flight
 p - 2 potions of haste
 t - 3 potions of heal wounds
 v - a potion of might
 w - 2 potions of brilliance
 G - a potion of agility
 K - a potion of berserk rage
 P - 2 potions of restore abilities
Books
 F - a book of Ice

   Spells                             Type                      Level
   Freezing Aura                      Charms/Ice                   2
   Metabolic Englaciation             Hexes/Ice                    5
   Ozocubu's Refrigeration            Ice                          6
   Bolt of Cold                       Conjuration/Ice              6
   Freezing Cloud                     Conjuration/Ice/Air          6
   Simulacrum                         Ice/Necromancy               6
Rods
 X - a +0 lightning rod (11/11)
   (You found it on level 2 of the Swamp)


   Skills:
 + Level 8.6 Fighting
 + Level 17.7 Maces & Flails
 - Level 15.4 Slings
 - Level 10.5 Armour
 + Level 4.1 Dodging
 + Level 8.6 Shields
 - Level 8.0 Invocations


You had 13 spell levels left.
You didn't know any spells.

Dungeon Overview and Level Annotations

Branches:
Dungeon (15/15)            Temple (1/1) D:7             Orc (4/4) D:12
    Elf (1/3) Orc:3          Lair (7/8) D:11          Swamp (3/5) Lair:3
  Snake (1/5) Lair:5       Vaults (0/5) D:13         Depths (0/5) D:15
  Slime: Lair:6-8

Altars:
Ashenzari
Cheibriados
Dithmenos
Elyvilon
Fedhas
Kikubaaqudgha
Makhleb
Nemelex Xobeh
Okawaru
Sif Muna
Trog
Vehumet
Xom
Yredelemnul
Zin
The Shining One
Beogh

Shops:
D:6 ?   D:8 [   D:13 [   Orc:2 :   Orc:3 *

Annotations:
D:12 1 exclusion
D:15 1 exclusion
Elf:1 Fannar
Abyss:1 Azrael, Maud


Innate Abilities, Weirdness & Mutations

You reflexively headbutt those who attack you in melee.
You have a pair of horns on your head.
You are surrounded by a mild repulsion field (EV +2).
Your digestive system is specialised to digest meat.
Your body is slowly deteriorating.


Message History

The raven pecks you.
* * * LOW HITPOINT WARNING * * *
You block the raven's attack. The raven pecks you but does no damage.
You block the raven's attack.
You block the shambling mangrove's attack.
The raven pecks you but does no damage. The raven barely misses you.
You hit the shambling mangrove but do no damage.
The shambling mangrove is almost destroyed.
The raven barely misses you. You block the raven's attack.
The raven pecks you but does no damage. The raven claws you but does no damage.
The raven pecks you but does no damage. The raven claws you but does no damage.
The shambling mangrove hits you!
* * * LOW HITPOINT WARNING * * *
You hit the shambling mangrove but do no damage.
The shambling mangrove is almost destroyed.
The raven pecks you!
* * * LOW HITPOINT WARNING * * *
You block the raven's attack. The raven pecks you but does no damage.
The raven claws you.
You die...

≈≈§≈.≈♣..≈≈≈≈...≈≈≈≈≈.♣♣
≈≈≈≈..♣..≈≈≈≈.♣≈≈≈≈≈≈.≈♣
≈≈≈≈..≈≈.....≈♣.≈≈≈≈≈≈§♣
..≈..♣....≈♣♣♣♣.≈≈≈≈≈≈.♣
....♣♣.§≈≈.♣♣≈..§≈≈≈≈≈.♣♣ ≈♣
♣♣♣♣♣♣.≈≈≈.....≈≈≈≈≈≈..≈♣♣..≈
♣♣♣♣ ♣≈≈≈≈.≈≈..≈≈≈≈≈≈≈≈.≈...♣
.≈.♣♣♣♣♣...≈≈≈≈.bbP≈..≈.♣.
≈≈≈.♣♣♣..≈≈≈.♣...@%..>≈♣♣♣.♣
.≈≈...≈≈≈.≈≈≈≈♣≈≈≈♣♣.≈≈...≈♣
.≈≈..≈≈≈≈<≈≈≈♣♣♣♣♣♣♣.≈≈≈..≈♣
≈≈≈≈≈≈≈≈≈..≈♣♣ ♣≈.≈≈≈.♣♣♣
≈♣..≈≈...♣♣♣♣ ...≈≈≈.♣♣
.≈♣♣≈≈.♣♣♣ ≈.≈≈≈≈.♣♣ ..♣≈.♣≈♣
≈≈.♣♣..♣≈ ..≈...♣♣ ..♣ ♣≈≈...
.≈..≈♣♣ ♣ §≈≈≈.♣


You could see a shambling mangrove and 2 ravens.

Vanquished Creatures
  A dire elephant (D:15)
  2 hydras
  2 alligators
  The ghost of kober the Grappler, an experienced TrMo (D:10)
  A tengu warrior (D:13)
  3 centaur warriors
  A swamp dragon (Swamp:1)
  Nergalle (Lair:3)
  3 orc knights
  9 hill giants
  Joseph (D:8)
  2 necromancers (D:13)
  A wolf spider (D:14)
  2 griffons
  4 manticores
  4 unseen horrors
  A cyclops (D:13)
  An item mimic (D:7)
  Psyche (D:10)
  2 feature mimics (D:12)
  A kobold demonologist (D:12)
  3 spiny frogs
  5 black mambas
  A centaur zombie (D:14)
  2 gargoyles
  2 vapours (Swamp:1)
  2 fire drakes
  A hydra zombie (D:14)
  3 two-headed ogres
  7 trolls
  A giant firefly (Swamp:1)
  7 blink frogs
  8 slime creatures (Swamp:1)
  A tengu conjurer (D:11)
  A bog body (Swamp:1)
  3 giant leeches
  Prince Ribbit (D:5)
  7 basilisks
  A hill giant zombie (D:10)
  7 ravens
  5 deep elf magi
  4 komodo dragons
  A spriggan (Swamp:1)
  A thorn lotus (Swamp:2)
  A wyvern (Lair:6)
  31 yaks
  3 fire bats (Orc:1)
  3 fire elementals
  2 wraiths
  2 hungry ghosts
  A grizzly bear (Lair:5)
  8 ugly things
  5 hippogriffs
  10 vampire mosquitoes
  A hill giant skeleton (D:12)
  2 sharks
  2 wargs
  5 wolves
  7 hell hounds
  2 nagas (Lair:5)
  A human skeleton (D:11)
  A soldier ant (D:12)
  5 sky beasts
  2 yellow wasps
  30 orc warriors
  A black bear (D:10)
  3 swamp drakes
  16 ogres
  6 phantoms
  6 centaurs
  12 swamp worms
  A vampire mosquito zombie (D:12)
  2 big kobolds
  Grum (D:11)
  A tengu simulacrum (D:14)
  4 giant slugs
  A brain worm (D:12)
  6 crocodiles
  4 gnoll sergeants (D:9)
  8 insubstantial wisps (Swamp:1)
  An ugly thing skeleton (D:12)
  4 giant goldfish
  11 water moccasins
  A wyvern zombie (D:14)
  2 ice beasts
  2 cyclops skeletons (D:12)
  A scorpion (D:10)
  3 boring beetles (D:11)
  3 porcupines
  A hippogriff zombie (D:12)
  4 hippogriff skeletons
  2 electric eels
  9 wights
  4 big fish
  A yak skeleton (D:10)
  7 crimson imps
  3 goliath beetles
  15 giant frogs
  5 giant frog skeletons
  4 gnoll shamans (D:9)
  A giant frog zombie (D:11)
  16 hounds
  8 iguanas
  A two-headed ogre skeleton (D:12)
  26 orc priests
  40 orc wizards
  14 worker ants
  A basilisk skeleton (D:12)
  Crazy Yiuf (D:5)
  Natasha (D:6)
  Ijyb (D:4)
  A brain worm skeleton (D:12)
  2 sky beast zombies
  A mottled dragon zombie (D:14)
  A sky beast skeleton (D:12)
  A hound zombie (D:4)
  A mummy (D:6)
  A worker ant zombie (D:8)
  19 gnolls
  4 jellies
  18 green rats
  2 giant mites
  9 shadow imps
  Eustachio (D:6)
  14 adders
  2 goliath beetle zombies (D:12)
  7 worms
  A goliath beetle skeleton (D:12)
  2 iguana skeletons
  A giant eyeball (D:4)
  3 giant geckos
  5 oozes (D:8)
  185 orcs
  7 giant cockroaches
  10 goblins
  26 hobgoblins
  19 jackals
  3 ball pythons
  9 bats
  A giant cockroach zombie (D:4)
  A giant gecko skeleton (D:5)
  7 giant newts
  A giant newt skeleton (D:4)
  A giant spore (D:10)
  A goblin skeleton (D:5)
  A goblin zombie (D:5)
  23 kobolds
  A kobold skeleton (D:4)
  3 orc skeletons
  14 quokkas
  26 rats
  2 rat skeletons (D:4)
  4 ballistomycetes
948 creatures vanquished.

Vanquished Creatures (others)
  The ghost of Kae the Conjurer, an experienced TeFE (D:7)
  A salamander (D:15)
  A cyclops (D:14)
  An efreet (D:14)
  An insubstantial wisp (Swamp:1)
  A goliath beetle (D:4)
  2 jellies (D:8)
  A gnoll zombie (D:7)
  A giant spore (D:7)
  A ballistomycete (D:7)
11 creatures vanquished.

Grand Total: 959 creatures vanquished

Notes
Turn   | Place    | Note
--------------------------------------------------------------
     0 | Abyss:1  | Morg0th, the Minotaur Abyssal Knight, began the quest for the Orb.
     0 | Abyss:1  | Reached XP level 1. HP: 19/19 MP: 1/1
    28 | D:1      | Escaped the Abyss
   382 | D:1      | Reached skill level 2 in Invocations
   456 | D:1      | Reached XP level 2. HP: 26/26 MP: 1/1
   704 | D:2      | Reached skill level 3 in Maces & Flails
  1150 | D:2      | Reached XP level 3. HP: 19/31 MP: 3/3
  1353 | D:2      | HP: 3/31 [poisoned by an adder]
  1405 | D:3      | Acquired Lugonu's second power
  1405 | D:3      | Reached skill level 4 in Maces & Flails
  1818 | D:3      | Reached XP level 4. HP: 37/39 MP: 3/3
  1874 | D:3      | Reached skill level 3 in Invocations
  1974 | D:5      | Entered Level 5 of the Dungeon
  1979 | D:5      | Noticed a phantom
  2131 | D:3      | Found a shadowy altar of Dithmenos.
  2162 | D:3      | Reached skill level 5 in Maces & Flails
  2727 | D:5      | Noticed Prince Ribbit
  2727 | D:5      | Noticed a centaur
  2729 | D:5      | Noticed a yak
  2995 | D:4      | Reached XP level 5. HP: 45/45 MP: 4/5
  3051 | D:4      | Acquired Lugonu's third power
  3306 | D:5      | Reached skill level 6 in Maces & Flails
  3602 | D:4      | Noticed Ijyb
  3619 | D:4      | Killed Ijyb
  3780 | D:4      | Reached XP level 6. HP: 47/51 MP: 7/7
  3810 | D:4      | Noticed a centaur
  3820 | D:4      | Killed a centaur
  3820 | D:4      | Reached skill level 7 in Maces & Flails
  3820 | D:4      | Reached skill level 4 in Invocations
  4123 | D:4      | Noticed a yellow wasp
  4126 | D:4      | Killed a yellow wasp
  4126 | D:4      | Reached XP level 7. HP: 53/57 MP: 9/9
  4132 | D:4      | Noticed an ogre
  4137 | D:4      | Killed an ogre
  4153 | D:4      | Got an iridescent sling
  4217 | D:4      | Identified the cursed +4,+7 sling "Jonoprih" {frost, Stlth--} (You found it on level 4 of the Dungeon)
  4300 | D:4      | Reached skill level 1 in Shields
  4312 | D:4      | Acquired Lugonu's fourth power
  4312 | D:4      | Reached skill level 8 in Maces & Flails
  4464 | D:4      | Noticed an ogre
  4478 | D:4      | Killed an ogre
  5081 | D:5      | Noticed Crazy Yiuf
  5087 | D:5      | Killed Crazy Yiuf
  5168 | D:5      | Killed a centaur
  5168 | D:5      | Reached skill level 9 in Maces & Flails
  5223 | D:5      | Killed Prince Ribbit
  5223 | D:5      | Reached skill level 2 in Slings
  5223 | D:5      | Reached skill level 2 in Shields
  5223 | D:5      | Reached skill level 5 in Invocations
  5223 | D:5      | Reached XP level 8. HP: 47/64 MP: 8/10
  5353 | D:5      | Noticed an ogre
  5358 | D:5      | Killed an ogre
  5391 | D:5      | Noticed a phantom
  5418 | D:5      | Killed a phantom
  5418 | D:5      | Reached skill level 3 in Slings
  5418 | D:5      | Reached skill level 3 in Shields
  5554 | D:5      | Noticed a yak
  5556 | D:5      | Noticed a yak
  5556 | D:5      | Noticed a yak
  5557 | D:5      | Noticed a yak
  5583 | D:5      | Killed a yak
  5583 | D:5      | Reached skill level 4 in Slings
  5601 | D:5      | Killed a yak
  5610 | D:5      | Killed a yak
  5610 | D:5      | Reached skill level 5 in Slings
  5610 | D:5      | Reached skill level 4 in Shields
  5624 | D:5      | Killed a yak
  5624 | D:5      | Reached skill level 10 in Maces & Flails
  5902 | D:5      | Killed a yak
  5902 | D:5      | Reached XP level 9. HP: 53/70 MP: 9/12
  5959 | D:5      | Reached skill level 5 in Shields
  6034 | D:5      | Killed a phantom
  6194 | D:5      | Acquired Lugonu's fifth power
  6280 | D:7      | Noticed an orc warrior
  6339 | D:7      | Noticed Kae's ghost (experienced TeFE)
  6340 | D:7      | Noticed an orc warrior
  6344 | D:7      | HP: 6/70 [Kae's ghost/fireball (17)]
  6677 | D:6      | Noticed an ogre
  6683 | D:6      | Killed an ogre
  6874 | D:6      | Found Waonyck's Magic Scroll Boutique.
  6878 | D:6      | Bought a scroll of identify for 26 gold pieces
  6999 | D:6      | Noticed an orc warrior
  7001 | D:6      | Killed an orc warrior
  7311 | D:6      | Noticed Eustachio
  7324 | D:6      | Killed Eustachio
  7367 | D:7      | Killed an orc warrior
  7367 | D:7      | Reached skill level 6 in Slings
  7369 | D:7      | Noticed an orc warrior
  7373 | D:7      | Killed an orc warrior
  7435 | D:6      | Noticed Natasha
  7438 | D:6      | Killed Natasha
  7522 | D:6      | Killed an orc warrior
  7605 | D:7      | Noticed an ogre
  7608 | D:7      | HP: 6/70 [Kae's ghost/fireball (19)]
  7874 | D:7      | Banished Kae's ghost
  7874 | D:7      | Reached skill level 7 in Slings
  7884 | D:7      | Killed an ogre
  7938 | D:7      | Killed a pile of gold mimic
  7938 | D:7      | Reached skill level 11 in Maces & Flails
  7938 | D:7      | Reached skill level 8 in Slings
  8091 | D:7      | Found a deep blue altar of Sif Muna.
  8210 | D:7      | Found a staircase to the Ecumenical Temple.
  8216 | Temple   | Entered the Ecumenical Temple
  8324 | D:7      | Noticed a phantom
  8359 | D:7      | Killed a phantom
  8559 | D:7      | Found a glowing golden altar of the Shining One.
  8992 | D:10     | Entered Level 10 of the Dungeon
  9007 | D:9      | Reached skill level 9 in Slings
  9007 | D:9      | Reached XP level 10. HP: 77/77 MP: 14/14
  9053 | D:8      | Upgraded the game from 0.14.1-26-g5a19342 to 0.14.1-27-g0f46f74
  9133 | D:8      | Reached skill level 6 in Invocations
  9170 | D:8      | Got an ancient jade amulet
  9178 | D:8      | Identified the amulet of Zushryis {Ward MR++} (You found it on level 8 of the Dungeon)
  9296 | D:8      | Noticed an ice beast
  9319 | D:8      | Killed an ice beast
  9804 | D:8      | Noticed Joseph
  9813 | D:8      | Killed Joseph
  9813 | D:8      | Reached skill level 12 in Maces & Flails
  9940 | D:8      | Found Hiojunk's Armour Emporium.
 10221 | D:8      | Bought a +1 pair of gloves of strength for 165 gold pieces
 10444 | D:9      | Reached skill level 10 in Slings
 10716 | D:9      | Found a shattered altar of Ashenzari.
 10717 | D:9      | Found an ancient bone altar of Kikubaaqudgha.
 11014 | D:9      | Found a sparkling altar of Nemelex Xobeh.
 11536 | D:10     | Reached skill level 11 in Slings
 11559 | D:10     | Noticed Psyche
 11562 | D:10     | Killed Psyche
 11669 | D:10     | Killed an unseen horror
 11669 | D:10     | Reached skill level 7 in Invocations
 11669 | D:10     | Reached XP level 11. HP: 64/82 MP: 17/17
 11771 | D:10     | Noticed kober's ghost (experienced TrMo)
 11778 | D:10     | Killed kober's ghost
 11852 | D:10     | Killed an unseen horror
 12103 | D:9      | Gained mutation: Your digestive system is specialised to digest meat. [potion of mutation]
 12103 | D:9      | Gained mutation: You are surrounded by a mild repulsion field (EV +2). [potion of mutation]
 12103 | D:9      | Gained mutation: Your body is slowly deteriorating. [potion of mutation]
 12380 | D:11     | Noticed Grum
 12398 | D:10     | Reached skill level 12 in Slings
 12580 | D:11     | Killed Grum
 12660 | D:10     | Noticed a hill giant
 12667 | D:10     | Killed a hill giant
 13568 | D:11     | Reached skill level 13 in Maces & Flails
 14002 | D:11     | Found a staircase to the Lair.
 14032 | Lair:1   | Entered Level 1 of the Lair of Beasts
 14569 | D:11     | Noticed a hill giant
 14587 | D:11     | Killed a hill giant
 14587 | D:11     | Reached skill level 13 in Slings
 14587 | D:11     | Reached skill level 8 in Invocations
 15593 | Lair:1   | Reached skill level 3 in Armour
 15948 | Lair:1   | Reached skill level 14 in Maces & Flails
 16044 | Lair:1   | Upgraded the game from 0.14.1-27-g0f46f74 to 0.14.2
 16083 | Lair:1   | Reached skill level 4 in Fighting
 16342 | Lair:1   | Identified the Almanac of Mutagenic Talismans
 16654 | Lair:2   | Reached XP level 12. HP: 91/91 MP: 20/20
 16700 | Lair:2   | Reached skill level 4 in Armour
 16923 | Lair:2   | Got a faintly humming scale mail
 16955 | Lair:2   | Identified the +0 scale mail of Gluttony {Dex+5} (You found it on level 2 of the Lair of Beasts)
 17167 | Lair:3   | Noticed Nergalle
 17192 | Lair:3   | Killed Nergalle
 17326 | Lair:3   | Noticed Maud
 17331 | Lair:3   | Banished Maud
 17331 | Lair:3   | Reached skill level 5 in Armour
 18028 | Lair:3   | Found a staircase to the Swamp.
 18404 | Swamp:1  | Entered Level 1 of the Swamp
 19320 | Lair:4   | Reached skill level 6 in Armour
 19980 | Lair:5   | Found a staircase to the Snake Pit.
 20104 | Snake:1  | Entered Level 1 of the Snake Pit
 20313 | Lair:5   | Reached skill level 15 in Maces & Flails
 20313 | Lair:5   | Reached skill level 7 in Armour
 20896 | Lair:6   | Reached skill level 5 in Fighting
 21067 | Lair:6   | Reached skill level 8 in Armour
 21244 | Lair:6   | Got a shimmering sling
 21252 | Lair:6   | Identified the +9,+9 sling of Fixation {flame, rElec MR+ Str+2 SInv} (You found it on level 6 of the Lair of Beasts)
 22641 | D:12     | Reached skill level 6 in Fighting
 22668 | D:13     | Noticed a hill giant
 22814 | D:12     | Reached XP level 13. HP: 85/102 MP: 21/21
 23063 | D:13     | Noticed a five-headed hydra
 23068 | D:13     | Killed a five-headed hydra
 23068 | D:13     | Reached skill level 9 in Armour
 23160 | D:12     | Paralysed by a potion of paralysis for 7 turns
 23423 | D:12     | Found a staircase to the Orcish Mines.
 23988 | D:13     | Noticed a tengu warrior
 24007 | D:13     | Killed a tengu warrior
 24021 | D:13     | Reached skill level 14 in Slings
 24667 | D:12     | Noticed a bone dragon
 25062 | Orc:1    | Entered Level 1 of the Orcish Mines
 25069 | Orc:1    | Reached skill level 16 in Maces & Flails
 25381 | D:6      | Bought a scroll of blinking for 97 gold pieces
 25381 | D:6      | Bought a scroll of blinking for 97 gold pieces
 26348 | Orc:1    | Found a roughly hewn altar of Beogh.
 27752 | Orc:4    | Entered Level 4 of the Orcish Mines
 28181 | Orc:3    | Reached skill level 10 in Armour
 28305 | Orc:3    | Reached skill level 7 in Fighting
 28446 | Orc:2    | HP: 9/105 [orc/whip (3)]
 28896 | Orc:2    | Found Psesibel's Book Boutique.
 28935 | Orc:3    | Found Mnedicac's Assorted Antiques.
 28935 | Orc:3    | Found a staircase to the Elven Halls.
 28977 | Elf:1    | Entered Level 1 of the Elven Halls
 28978 | Elf:1    | Noticed Fannar
 29248 | Orc:3    | Bought a potion of restore abilities for 99 gold pieces
 29267 | Orc:3    | Bought a runed diamond ring for 165 gold pieces
 30002 | D:13     | Noticed a centaur warrior
 30013 | D:13     | Killed a centaur warrior
 30144 | D:13     | Found Rexteceu's Antique Armour Emporium.
 30236 | D:13     | Bought a pair of glowing boots for 117 gold pieces
 30338 | D:13     | Killed an unseen horror
 30370 | D:14     | Reached skill level 15 in Slings
 30560 | D:13     | Killed a hill giant
 31150 | D:13     | Noticed a hill giant
 31150 | D:13     | Noticed a necromancer
 31168 | D:13     | Killed a necromancer
 31172 | D:13     | Killed a hill giant
 31245 | D:13     | Noticed a centaur warrior
 31251 | D:13     | Killed a centaur warrior
 31352 | D:13     | Found a gate to the Vaults.
 31352 | D:13     | Noticed a necromancer
 31364 | D:13     | Killed a necromancer
 31864 | D:14     | Reached XP level 14. HP: 113/113 MP: 21/21
 31938 | D:15     | Entered Level 15 of the Dungeon
 33170 | D:15     | Noticed Azrael
 33437 | D:14     | Reached skill level 6 in Shields
 33442 | D:14     | Reached skill level 2 in Dodging
 33971 | D:15     | Reached skill level 17 in Maces & Flails
 34907 | D:15     | Reached skill level 8 in Fighting
 35103 | D:15     | Banished Azrael
 35250 | D:15     | Found a staircase to the Depths.
 35456 | D:15     | Reached skill level 7 in Shields
 35952 | D:15     | ::q
 36426 | Swamp:1  | Reached skill level 3 in Dodging
 37140 | Swamp:1  | HP: 5/115 [something/bolt of lightning (12)]
 37904 | Swamp:1  | Reached skill level 8 in Shields
 39087 | Swamp:3  | Found a blossoming altar of Fedhas.
 39399 | Swamp:2  | Reached skill level 4 in Dodging
 39453 | Swamp:2  | HP: 11/116 [shambling mangrove (10)]
 39454 | Swamp:2  | HP: 2/116 [raven[a shambling mangrove] (9)]
 39454 | Swamp:2  | Slain by a raven

Action                   |  1- 3 |  4- 6 |  7- 9 | 10-12 | 13-15 || total
-------------------------+-------+-------+-------+-------+-------++-------
Melee: Mace              |    81 |   140 |   257 |   741 |  1252 ||  2471
       Sling             |       |       |       |     3 |       ||     3
 Fire: Sling             |       |       |   179 |   480 |   477 ||  1136
Throw: Dart              |       |       |     8 |    18 |     7 ||    33
       Stone             |       |       |       |       |    13 ||    13
Invok: Bend Space        |       |     3 |     2 |     3 |     1 ||     9
       Banish            |       |     1 |     1 |     5 |    10 ||    17
 Abil: Evoke Invisibilit |       |       |       |       |     1 ||     1
Evoke: Wand              |       |     8 |       |     9 |     3 ||    20
       Rod               |       |       |       |       |     2 ||     2
  Use: Scroll            |     4 |     3 |     6 |    10 |     5 ||    28
       Potion            |     3 |     1 |     4 |     7 |     6 ||    21
 Stab: Sleeping          |       |     1 |       |       |       ||     1
